 Dungeon Crawl Stone Soup version 0.31.0-32-g396128a36d (webtiles) character file.

Game seed: 12383243485839617078

187199 spaghetti the Convoker (level 18, -6/160 (172) HPs)
             Began as a Naga Summoner on Mar 9, 2024.
             Was an Initiate of Gozag.
             Shot with an arrow by a deep elf master archer (25 damage)
             ... on level 3 of the Elven Halls.
             The game lasted 01:09:45 (41755 turns).

spaghetti the Convoker (Naga Summoner)             Turns: 41755, Time: 01:09:46

HP:   -6/160 (172)  AC: 19    Str:  9    XL:     18   Next: 50%
MP:   11/52         EV: 12    Int: 37    God:    Gozag
Gold: 2397          SH:  0    Dex: 15    Spells: 4/40 levels left

rFire   + . .        l - +8 lajatang (spect)
rCold   + . .        (shield currently unavailable)
rNeg    . . .        a - +0 robe
rPois   +            f - +3 hat of Pondering {ponderous, Will+ MP+10 Int+5}
rElec   +            A - +2 cloak {Will+}
rCorr   .            J - +0 pair of gloves of Submission {rElec rC+ Int+3}
SInv    +            (no barding)
Will    ++++.        D - amulet of regeneration
Stlth   ++           Y - +4 ring of protection
HPRegen 1.26/turn    z - ring of Dishiw {MP+9 Dex+3}
MPRegen 0.33/turn

%: no passive effects
@: studying Armour, drained, very slow
A: AC +6, large, see invisible, deformed body, poison resistance, slowness 2,
spit poison 1, naga tail 2, clever 2, fire resistance 1
a: Spit Poison, Renounce Religion, Potion Petition, Call Merchant, Bribe Branch


You were on level 3 of the Elven Halls.
You worshipped Gozag.
Gozag was most pleased with you.
You visited 5 branches of the dungeon, and saw 26 of its levels.
You also visited: Gauntlet.

You collected 8992 gold pieces.
You spent 2333 gold pieces at shops.
You paid 4262 gold pieces to Gozag.

Inventory:

Hand Weapons
 l - a +8 spectral lajatang (weapon)
Missiles
 N - 3 throwing nets
Armour
 a - a +0 robe (worn)
 f - the +3 hat of Pondering (worn) {ponderous, Will+ MP+10 Int+5}
   (You took it off Gastronok on level 9 of the Dungeon)

   Int+5:     It affects your intelligence (+5).
   Will+:     It increases your willpower.
   MP+10:     It affects your magic capacity (+10).
 A - a +2 cloak of willpower (worn)
 F - a +3 plate armour of cold resistance
 J - the +0 pair of gloves of Submission (worn) {rElec rC+ Int+3}
   (You bought it in a shop on level 2 of the Orcish Mines)

   Int+3:     It affects your intelligence (+3).
   rC+:       It protects you from cold.
   rElec:     It insulates you from electricity.
 W - a +2 pair of gloves
Jewellery
 m - the amulet of Zeelan {Faith rElec Str+2}
   (You took it off a deep elf annihilator on level 3 of the Elven Halls)

   [amulet of faith]

   Faith:     It allows you to gain divine favour quickly.
   Str+2:     It affects your strength (+2).
   rElec:     It insulates you from electricity.
 z - the ring of Dishiw (right hand) {MP+9 Dex+3}
   (You found it in a Gauntlet)

   [ring of magical power]

   Dex+3:     It affects your dexterity (+3).
   MP+9:      It affects your magic capacity (+9).
 C - a +6 ring of intelligence
 D - an amulet of regeneration (around neck)
 L - a ring of ice
 P - an amulet of reflection
 Q - the amulet "Ycsiej" {RegenMP -Tele rCorr Str+3}
   (You took it off an orc warrior on level 11 of the Dungeon)

   [amulet of magic regeneration]

   RegenMP:   It increases your rate of magic regeneration.
   Str+3:     It affects your strength (+3).
   -Tele:     It prevents most forms of teleportation.
   rCorr:     It protects you from acid and corrosion.
 T - an amulet of the acrobat
 X - a +6 ring of intelligence
 Y - a +4 ring of protection (left hand)
Wands
 r - a wand of charming (35)
 y - a wand of flame (85)
 G - a wand of iceblast (28)
 I - a wand of digging (3)
 V - a wand of acid (7)
Scrolls
 g - 2 scrolls of noise
 h - 6 scrolls of vulnerability
 i - 7 scrolls of poison
 j - 2 scrolls of silence
 k - 14 scrolls of teleportation
 o - 5 scrolls of brand weapon
 p - 2 scrolls of enchant weapon
 s - 2 scrolls of immolation
 B - 2 scrolls of enchant armour
 E - 5 scrolls of revelation
 K - a scroll of fear
 R - a scroll of fog
 U - 3 scrolls of amnesia
 Z - a scroll of butterflies
Potions
 b - 2 potions of magic
 c - 2 potions of mutation
 d - a potion of resistance
 e - a potion of brilliance
 n - 5 potions of curing
 q - 4 potions of invisibility
 t - 14 potions of ambrosia
 u - 4 potions of cancellation
 w - 7 potions of heal wounds
 x - 3 potions of attraction
 H - 4 potions of lignification {unknown}
 M - 3 potions of haste {unknown}
 O - 3 potions of enlightenment
 S - 5 potions of might {unknown}
Miscellaneous
 v - a sack of spiders


   Skills:
 + Level 13.4 Fighting
 - Level 14.0 Staves
 + Level 6.6 Armour
 + Level 5.1 Dodging
 - Level 3.0 Stealth
 + Level 11.7 Spellcasting
 + Level 19.4 Summonings
 - Level 12.0 Necromancy
 - Level 5.0 Fire Magic


You had 4 spell levels left.
You knew the following spells:

 Your Spells              Type           Power      Damage    Failure   Level
a - Summon Mana Viper     Hex/Summ       76%        N/A       1%          5
c - Call Canine Familiar  Summ           100%       N/A       0%          3
d - Summon Blazeheart Go  Fire/Summ      84%        N/A       1%          4
e - Summon Lightning Spi  Summ/Air       76%        N/A       1%          4
f - Summon Hydra          Summ           52%        N/A       1%          7
g - Monstrous Menagerie   Summ           52%        N/A       1%          7
h - Death Channel         Necr           42%        N/A       1%          6

Your spell library contained the following spells:

 Spells                   Type           Power      Damage    Failure   Level
 Necrotise                Necr           100%       1d9       0%          1
 Summon Small Mammal      Summ           100%       N/A       0%          1
 Call Imp                 Summ           100%       N/A       0%          2
 Apportation              Tloc           42%        N/A       1%          1
 Slow                     Hex            84%        N/A       1%          1
 Sting                    Conj/Alch      84%        1d8       1%          1
 Cigotuvi's Dreadful Rot  Necr/Alch/Air  100%       N/A       1%          2
 Sublimation of Blood     Necr           84%        N/A       1%          2
 Summon Ice Beast         Ice/Summ       76%        N/A       1%          3
 Vampiric Draining        Necr           84%        2d12      1%          3
 Dispel Undead            Necr           84%        3d27      1%          4
 Martyr's Knell           Necr/Summ      95%        N/A       1%          4
 Mercury Vapours          Alch/Air       42%        N/A       2%          2
 Confusing Touch          Hex            21%        N/A       5%          3
 Frozen Ramparts          Ice            42%        1d7       5%          3
 Hailstorm                Conj/Ice       21%        3d7       5%          3
 Mephitic Cloud           Conj/Alch/Air  21%        N/A       5%          3
 Ozocubu's Armour         Ice            21%        N/A       5%          3
 Sigil of Binding         Hex            21%        N/A       5%          3
 Stone Arrow              Conj/Erth      42%        3d9       5%          3
 Ignite Poison            Fire/Alch      40%        N/A       6%          4
 Sticky Flame             Fire/Alch      40%        2d8       6%          4
 Leda's Liquefaction      Alch/Erth      10%        N/A       19%         4
 Olgreb's Toxic Radiance  Alch           21%        N/A       19%         4
 Petrify                  Alch/Erth      21%        N/A       19%         4
 Malign Gateway           Summ/Tloc      38%        N/A       28%         7
 Freezing Cloud           Conj/Ice/Air   10%        6-21      45%         5
 Irradiate                Conj/Alch      10%        3d15      45%         5
 Metabolic Englaciation   Hex/Ice        10%        N/A       45%         5
 Conjure Ball Lightning   Conj/Air       10%        3x3d6     95%         6
 Sculpt Simulacrum        Ice/Alch       10%        N/A       95%         6
 Discord                  Hex            10%        N/A       100%        8
 Disjunction              Tloc           10%        N/A       100%        8


Dungeon Overview and Level Annotations

Branches:
Dungeon (15/15)            Temple (1/1) D:6            Lair (5/5) D:11
 Shoals (0/4) Lair:2        Snake (0/4) Lair:3        Slime (0/5) Lair:5
    Orc (2/2) D:9             Elf (3/3) Orc:2        Vaults (0/5) D:14
 Depths (0/4) D:15        Gauntlet (visited)

Altars:
Ashenzari
Cheibriados
Dithmenos
Elyvilon
Fedhas
Gozag
Hepliaklqana
Kikubaaqudgha
Makhleb
Nemelex Xobeh
Okawaru
Qazlal
Ru
Sif Muna
Trog
Uskayaw
Vehumet
Wu Jian
Xom
Yredelemnul
Zin
The Shining One

Shops:
D:2 !   D:6 [   D:9 [   D:11 *   D:14 *   Orc:2 :(=[=   Elf:1 :   Elf:3 (
Lair:1 [

Portals:
Trove: D:10 (give 18 potions of curing)

Annotations:
D:8 exclusion: door
Elf:1 2 transporters, velxir3's ghost, journeyman DsBe


Innate Abilities, Weirdness & Mutations

Your serpentine skin is tough. (AC +6)
You have supernaturally acute eyesight. (SInv)
Armour fits poorly on your strangely shaped body.
Your system is resistant to poisons. (rPois)
You cover ground very slowly.
You can spit poison.
You can use your snake-like lower body to constrict enemies.
Your mind is very acute. (Int +8, Str/Dex -2)
Your flesh is heat resistant. (rF+)


Message History

The stone hits your lindwurm!!
Your lindwurm dies!
Your lindwurm's corpse disappears in a puff of smoke!
The deep elf master archer shoots an arrow.
The arrow hits you!
The deep elf master archer shoots an arrow.
The arrow hits your manticore!! The arrow freezes your manticore!
Your four-headed hydra bites the deep elf master archer!
Your four-headed hydra bites the deep elf master archer.
Your four-headed hydra bites the deep elf master archer!
Your four-headed hydra closely misses the deep elf master archer.
The deep elf master archer shoots an arrow.
The arrow hits you!!
* * * LOW HITPOINT WARNING * * *
The deep elf master archer shoots an arrow.
The arrow hits your four-headed hydra!!!
Your four-headed hydra seems to slow down.
The arrow freezes your four-headed hydra!
Your four-headed hydra dies!
Your four-headed hydra's corpse disappears in a puff of smoke!
The deep elf master archer shoots an arrow.
The arrow closely misses you.
Your manticore bites the deep elf master archer.
Your manticore claws the deep elf master archer.
Your manticore barely misses the deep elf master archer.
The deep elf master archer throws a stone.
The stone hits your manticore!
The deep elf master archer throws a javelin.
The javelin pierces through you!!
* * * LOW HITPOINT WARNING * * *
Your lightning spire shoots out a bolt of lightning at the deep elf master archer!
The bolt of electricity hits the deep elf master archer!!
The deep elf master archer shoots an arrow.
The arrow hits your manticore!! The arrow freezes your manticore.
Your manticore dies!
Your manticore's corpse disappears in a puff of smoke!
The deep elf master archer shoots an arrow.
The arrow hits you!!
You die...
Your body crumbles into a pile of gold.

...# ##..))...## ...#
###........)### ...#
#....e........# '###
##......))..)..## ...#
##....).......)..## ...# ##
#..|.$..###.......# ...# #./
#......## ##....).# )..# #..
#.8...## ##..)..# ...# ##'##
#..@..# #.....# ...#
##...###.....## ##....)# )..#
##.....##......## ##..)...## ...#
#......e§...)...###.......'.
...###......§##...............##.
#'##[#......$###.............## .
...#h##....$## #.............#
...#.e##...## #..)..........#
...#?..###'#######.........###


You could see 2 deep elf master archers and a friendly lightning spire
(summoned).

Vanquished Creatures
  A deep elf blademaster (Elf:3)
  Gastronok (D:9)
  A deep elf sorcerer (Elf:3)
  A deep elf elementalist (Elf:3)
  2 deep elf demonologists (Elf:3)
  A deep elf annihilator (Elf:3)
  6 nameless horrors
  A vault guard (D:10)
  An ogre mage (Orc:2)
  A boulder beetle (Lair:1)
  8 dancing weapons
  7 two-headed ogres
  7 deep elf knights
  2 skysharks
  An obsidian statue (Lair:5)
  3 deep elf archers (Elf:1)
  An orc knight (Orc:2)
  A wolf spider zombie (D:15)
  6 deep elf pyromancers
  Maurice (D:7)
  A cyclops (D:14)
  An orc sorcerer (Orc:1)
  6 deep elf zephyrmancers (Elf:1)
  2 elephants (Lair:3)
  A kobold blastminer (Orc:2)
  6 cane toads
  A centaur skeleton (D:15)
  An unseen horror (D:8)
  Maggie (D:8)
  A kobold demonologist (D:7)
  A merfolk (D:10)
  A polar bear (shapeshifter) (Elf:3)
  9 blink frogs
  An air elemental (Elf:2)
  2 shadows
  20 yaks
  A steam dragon (D:7)
  A fire elemental (Elf:1)
  A basilisk (Lair:3)
  2 nagas (Lair:3)
  4 water moccasins
  8 orc warriors
  An ice beast (D:8)
  A black bear (D:8)
  6 ogres
  A wolf (Lair:2)
  2 centaurs
  A phantom (D:4)
  A bullfrog (Lair:1)
  3 kobold brigands (D:7)
  4 scorpions
  4 wights
  13 killer bees
  2 electric eels
  A howler monkey (D:7)
  A bombardier beetle (D:6)
  Crazy Yiuf (D:4)
  2 hounds
  2 orc priests
  A jelly (D:5)
  A gnoll bouda (D:7)
  4 iguanas
  6 orc wizards
  2 adders
  9 gnolls
  2 white imps
  2 dart slugs
  A ribbon worm (D:3)
  18 orcs
  6 ball pythons
  6 endoplasms
  2 giant cockroaches
  2 goblins
  8 hobgoblins
  2 jackals (D:2)
  A quokka (D:1)
  3 bats
  2 frilled lizards (D:2)
  5 kobolds
254 creatures vanquished.

Vanquished Creatures (collateral kills)
  A deep elf master archer (Elf:3)
  2 deep elf blademasters
  9 deep elf sorcerers
  5 deep elf elementalists (Elf:3)
  An orc warlord (Orc:2)
  The ghost of Valrug the Geomancer, a journeyman GrEE of Vehumet (Orc:2)
  4 deep elf demonologists
  6 deep elf annihilators (Elf:3)
  2 dire elephants (Lair:5)
  5 deep elf death magi
  A minotaur (Gauntlet)
  An ettin (Orc:1)
  6 deep elf high priests (Elf:3)
  4 vault guards (D:14)
  A rakshasa (D:15)
  3 hydras
  5 boulder beetles
  A centaur warrior (D:14)
  2 death knights (D:15)
  3 ogre magi (Orc:2)
  20 dancing weapons
  16 two-headed ogres
  2 death yaks (Lair:5)
  12 deep elf knights
  A sixfirhy (Gauntlet)
  A spectral death yak (Lair:5)
  6 skeletal warriors
  12 deep elf archers
  A spectral anaconda (Lair:5)
  24 deep elf zephyrmancers
  5 necromancers
  21 deep elf pyromancers
  An orc knight (Orc:1)
  4 orc sorcerers
  10 ugly things
  2 manticores (D:14)
  An oklob plant (D:11)
  2 cyclopes
  A large abomination (Gauntlet)
  4 meliai
  A meliai (shapeshifter) (D:14)
  A kobold blastminer (Orc:1)
  9 elephants
  2 black mambas (Lair:4)
  8 cane toads
  5 torpor snails
  2 kobold demonologists (D:7)
  9 komodo dragons
  3 rime drakes
  2 freezing wraiths (D:15)
  A centaur skeleton (D:15)
  3 tengu conjurers
  Psyche (D:8)
  A queen bee (Lair:4)
  5 trolls
  A hornet (D:7)
  9 blink frogs
  A raiju (Gauntlet)
  A snapping turtle (Lair:2)
  A spectral elephant (Lair:5)
  10 slime creatures
  2 wraiths (D:13)
  A centaur simulacrum (D:15)
  An air elemental (Elf:3)
  4 water elementals
  A wyvern (Lair:2)
  3 fire elementals
  34 yaks
  2 steam dragons (Gauntlet)
  3 wargs (Orc:2)
  2 basilisks
  A harpy simulacrum (D:15)
  A death yak simulacrum (Lair:5)
  4 vampire mosquitoes (D:13)
  2 small abominations (Gauntlet)
  A spectral cane toad (Lair:5)
  An acid dragon (D:14)
  A naga (Lair:3)
  9 water moccasins
  3 nameless horrors
  10 orc warriors
  A black bear (D:5)
  An ice beast (D:7)
  A laughing skull (D:14)
  25 ogres
  4 wolves (Lair:2)
  2 centaurs (D:10)
  3 kobold brigands
  An earth elemental (Elf:1)
  8 bullfrogs
  A gnoll sergeant (D:10)
  4 scorpions
  4 wights
  23 killer bees
  An elephant simulacrum (Lair:5)
  6 electric eels
  7 howler monkeys
  A hound (D:7)
  6 orc priests
  2 jellies
  A sleepcap (D:8)
  10 orc wizards
  3 adders (D:5)
  7 gnolls
  A shadow imp (D:5)
  2 ufetubi (Gauntlet)
  28 orcs
  An endoplasm (D:4)
  4 hobgoblins
  2 jackals (D:2)
  A quokka (D:4)
  4 ball pythons
  4 bats
  A frilled lizard (D:1)
  3 goblins
  A kobold (D:3)
  5 rats
550 creatures vanquished.

Vanquished Creatures (others)
  A deep elf elementalist (Elf:3)
  A deep elf knight (Elf:1)
  An orc sorcerer (D:15)
  A kobold blastminer (Orc:1)
  A basilisk (D:14)
  2 orcs
  10 blazeheart cores
  3 spectral weapons (Elf:2)
20 creatures vanquished.

Grand Total: 824 creatures vanquished

Notes
Turn   | Place    | Note
-------+----------+-------------------------------------------
     0 | D:1      | spaghetti the Naga Summoner began the quest for the Orb.
     0 | D:1      | Reached XP level 1. HP: 15/15 MP: 3/3
   295 | D:1      | Reached XP level 2. HP: 21/22 MP: 1/5
   525 | D:1      | Learned a level 2 spell: Call Imp
  1155 | D:1      | Reached XP level 3. HP: 28/28 MP: 7/7
  1163 | D:1      | Learned a level 3 spell: Call Canine Familiar
  1909 | D:2      | Identified the +1 leather armour of Understanding {Harm
                  | +Inv rElec}
  2029 | D:2      | Identified the +2 ring mail of the Nightingale {rElec rC+}
  2473 | D:2      | Found Xestreuf's Distillery.
  2476 | D:2      | Bought 2 potions of curing for 66 gold pieces
  2548 | D:3      | Reached XP level 4. HP: 36/36 MP: 3/9
  3076 | D:3      | Found a glowing silver altar of Zin.
  3196 | D:3      | Found a faded altar of an unknown god.
  3674 | D:3      | Identified a scroll of acquirement
  3675 | D:3      | Acquired a +2 spectral lajatang
  3789 | D:4      | Noticed a phantom
  3799 | D:4      | Killed a phantom
  3800 | D:4      | Reached skill level 1 in Staves
  3800 | D:4      | Reached XP level 5. HP: 26/42 MP: 5/11
  4066 | D:4      | Found a blossoming altar of Fedhas.
  4151 | D:4      | Reached skill level 5 in Summonings
  4780 | D:4      | Found a runed translucent door.
  4781 | D:4      | Noticed Crazy Yiuf
  4824 | D:4      | Reached XP level 6. HP: 49/49 MP: 6/12
  5004 | D:4      | Killed Crazy Yiuf
  5069 | D:5      | Entered Level 5 of the Dungeon
  5179 | D:5      | Noticed a water moccasin
  5189 | D:5      | Killed a water moccasin
  5190 | D:5      | Reached skill level 5 in Spellcasting
  5190 | D:5      | Reached XP level 7. HP: 45/55 MP: 7/14
  6455 | D:5      | Reached skill level 6 in Summonings
  6486 | D:5      | Reached XP level 8. HP: 53/62 MP: 14/17
  6491 | D:5      | Learned a level 4 spell: Summon Blazeheart Golem
  6496 | D:5      | Learned a level 4 spell: Summon Lightning Spire
  6922 | D:6      | Reached skill level 1 in Fire Magic
  6988 | D:6      | Found a staircase to the Ecumenical Temple.
  7033 | D:6      | Found Plog's Armour Emporium.
  7790 | D:7      | Found a bloodstained altar of Trog.
  8067 | D:7      | Noticed a hornet
  8074 | D:7      | Killed a hornet
  8075 | D:7      | Reached XP level 9. HP: 61/68 MP: 12/20
  8170 | D:7      | Reached skill level 7 in Summonings
  8185 | D:7      | Found an ornate altar of the Wu Jian Council.
  8190 | D:7      | Reached skill level 5 in Staves
  8359 | D:7      | Found a shimmering altar of Xom.
  8426 | D:7      | Found the +7 Throatcutter {drain, coup de grace}
  8426 | D:7      | Noticed a kobold demonologist
  8426 | D:7      | Noticed a kobold demonologist
  8426 | D:7      | Noticed a kobold demonologist
  8431 | D:7      | Noticed a rust devil
  8433 | D:7      | Noticed a sun demon
  8435 | D:7      | Noticed a hellwing
  8436 | D:7      | Noticed a rust devil
  8453 | D:7      | Noticed a smoke demon
  8455 | D:7      | Noticed a soul eater
  8457 | D:7      | Killed a kobold demonologist
  8462 | D:7      | Noticed a rust devil
  8463 | D:7      | Noticed a smoke demon
  8465 | D:7      | Noticed a smoke demon
  8475 | D:7      | Killed a kobold demonologist
  8477 | D:7      | Killed a kobold demonologist
  8601 | D:7      | Noticed Maurice
  8603 | D:7      | Maurice stole a ring of fire
  8607 | D:7      | Maurice stole a +0 dagger
  8628 | D:7      | Maurice stole 400 gold
  8648 | D:7      | Killed Maurice
  8649 | D:7      | Reached XP level 10. HP: 67/75 MP: 3/23
  8938 | D:8      | Found a glowing golden altar of the Shining One.
  8944 | D:8      | Found a basalt altar of Yredelemnul.
  8948 | D:8      | Noticed a profane servitor
  9039 | D:8      | Noticed Psyche
  9061 | D:8      | Reached skill level 8 in Summonings
  9082 | D:8      | Killed Psyche
  9176 | D:8      | Reached skill level 5 in Fire Magic
  9668 | D:8      | Noticed an unseen horror
  9687 | D:8      | Killed an unseen horror
  9724 | D:8      | Reached skill level 10 in Spellcasting
  9822 | D:8      | Noticed Maggie
  9832 | D:8      | Killed Maggie
 10049 | D:8      | Noticed an angel
 10094 | D:9      | Learned a level 7 spell: Summon Hydra
 10138 | Temple   | Entered the Ecumenical Temple
 10149 | Temple   | Became a worshipper of Gozag Ym Sagoz the Greedy
 10160 | D:6      | Noticed a nameless horror
 10167 | D:6      | Killed a nameless horror
 10320 | D:9      | Found a staircase to the Orcish Mines.
 10540 | D:9      | Found a hazy altar of Hepliaklqana.
 10602 | D:9      | Reached XP level 11. HP: 58/78 MP: 14/25
 10744 | D:9      | Found Xorouh's Antique Armour Emporium.
 10749 | D:9      | Bought a bloodstained robe for 171 gold pieces
 10749 | D:9      | Identified the +0 robe "Tety" {rPois rC+++ Will- rCorr}
                  | (You bought it in a shop on level 9 of the Dungeon)
 10760 | D:9      | Reached skill level 9 in Summonings
 10904 | D:9      | Noticed Gastronok
 10921 | D:9      | Killed Gastronok
 11231 | D:9      | Found a shadowy altar of Dithmenos.
 11324 | D:10     | Entered Level 10 of the Dungeon
 11376 | D:10     | Gained mutation: Your flesh is heat resistant. (rF+)
                  | [potion of mutation]
 11376 | D:10     | Gained mutation: Your mind is acute. (Int +4, Str/Dex -1)
                  | [potion of mutation]
 11376 | D:10     | Gained mutation: Your mind is very acute. (Int +8, Str/Dex
                  | -2) [potion of mutation]
 11494 | D:10     | Found a sparkling altar of Nemelex Xobeh.
 11608 | D:10     | Noticed a two-headed ogre
 11616 | D:10     | Killed a two-headed ogre
 11777 | D:10     | Reached skill level 10 in Summonings
 11881 | D:10     | Found a portal to a secret trove of treasure.
 11881 | D:10     | Noticed a vault guard
 11891 | D:10     | Killed a vault guard
 12443 | D:11     | Noticed a two-headed ogre
 12453 | D:11     | Killed a two-headed ogre
 12747 | D:11     | Noticed a two-headed ogre
 12749 | D:11     | Noticed a boulder beetle
 12752 | D:11     | Killed a two-headed ogre
 12753 | D:11     | Reached skill level 11 in Summonings
 12753 | D:11     | Reached XP level 12. HP: 88/88 MP: 16/27
 12759 | D:11     | Killed a boulder beetle
 12760 | D:11     | Reached skill level 10 in Staves
 12885 | D:11     | Found a staircase to the Lair.
 12933 | D:11     | Identified the amulet "Ycsiej" {RegenMP -Tele rCorr Str+3}
 13051 | D:11     | Found Qesuh's General Store.
 13060 | D:11     | Bought a scroll of enchant weapon for 82 gold pieces
 13297 | D:11     | Found a bloodstained altar of Trog.
 13656 | Lair:1   | Entered Level 1 of the Lair of Beasts
 13734 | Lair:1   | Noticed a boulder beetle
 13762 | Lair:1   | Killed a boulder beetle
 14183 | Lair:1   | Reached skill level 12 in Summonings
 16114 | Lair:2   | Found a staircase to the Shoals.
 16773 | Lair:3   | Reached skill level 13 in Summonings
 16778 | Lair:3   | Gained mutation: You can use your snake-like lower body to
                  | constrict enemies. [Naga growth]
 16778 | Lair:3   | Reached XP level 13. HP: 81/94 MP: 13/28
 18088 | Lair:3   | Found a staircase to the Snake Pit.
 18310 | Lair:3   | Reached skill level 14 in Summonings
 18411 | Lair:3   | Found a snail-covered altar of Cheibriados.
 20179 | Lair:4   | Got Uhiassao's Everyday Casting
 20233 | Lair:4   | Reached skill level 1 in Fighting
 20326 | Lair:4   | Reached XP level 14. HP: 99/105 MP: 26/29
 20400 | Lair:4   | Reached skill level 15 in Summonings
 20771 | Lair:5   | Entered Level 5 of the Lair of Beasts
 20781 | Lair:5   | Found a staircase to the Slime Pits.
 20864 | Lair:5   | Found a gate leading to a gauntlet.
 20891 | Gauntlet | Entered a Gauntlet
 20891 | Gauntlet | Found a transporter.
 20891 | Gauntlet | Found a runed translucent door.
 20892 | Gauntlet | Found a runed translucent door.
 20898 | Gauntlet | Found a transporter.
 21043 | Gauntlet | Found a transporter.
 21152 | Gauntlet | Found a transporter.
 21165 | Gauntlet | Found a transporter.
 21165 | Gauntlet | Found a transporter.
 21166 | Gauntlet | Found a transporter.
 21195 | Gauntlet | Found a transporter.
 21199 | Gauntlet | Identified the ring of Dishiw {MP+9 Dex+3}
 21352 | Gauntlet | Got the Almanac of the Glowing Scorpion
 21947 | Lair:5   | Noticed a dire elephant
 21948 | Lair:5   | Noticed a dire elephant
 21956 | Lair:5   | Killed a dire elephant
 22258 | Lair:5   | Killed a dire elephant
 22260 | Lair:5   | Reached skill level 5 in Fighting
 22455 | Lair:5   | Learned a level 7 spell: Monstrous Menagerie
 23088 | Lair:5   | Reached skill level 16 in Summonings
 24078 | D:12     | You fall into a shaft and drop 1 floor!
 26059 | D:14     | Reached XP level 15. HP: 104/132 MP: 14/30
 26140 | D:15     | Entered Level 15 of the Dungeon
 26740 | D:15     | Reached skill level 17 in Summonings
 28287 | D:15     | Found a staircase to the Depths.
 28420 | D:14     | Reached skill level 10 in Fighting
 28618 | D:14     | Bought a runed plate armour for 442 gold pieces
 28853 | D:14     | Found a gate to the Vaults.
 29726 | Orc:1    | Entered Level 1 of the Orcish Mines
 30937 | Orc:2    | Entered Level 2 of the Orcish Mines
 31124 | Orc:2    | Found a staircase to the Elven Halls.
 31173 | Orc:2    | Reached skill level 18 in Summonings
 31327 | Orc:2    | Found a shimmering blue altar of Sif Muna.
 31341 | Orc:2    | Noticed an orc warlord
 31350 | Orc:2    | Killed an orc warlord
 31644 | Orc:2    | Reached XP level 16. HP: 106/150 MP: 5/31
 32547 | Orc:2    | Found Fesyn's Weapon Shoppe.
 32547 | Orc:2    | Found Xoph's Antique Armour Boutique.
 32593 | Orc:2    | Found Zeosick's Jewellery Boutique.
 32593 | Orc:2    | Found Otaatol's Jewellery Emporium.
 32712 | Orc:2    | Bought a pair of bloodstained gloves for 266 gold pieces
 32712 | Orc:2    | Identified the +0 pair of gloves of Submission {rElec rC+
                  | Int+3} (You bought it in a shop on level 2 of the Orcish
                  | Mines)
 32712 | Orc:2    | Bought a pair of ichor-stained gloves for 266 gold pieces
 32712 | Orc:2    | Identified the +1 pair of gloves of Liberty {Will- Regen+
                  | Dex+3 Slay+5} (You bought it in a shop on level 2 of the
                  | Orcish Mines)
 33119 | Orc:2    | Found a runed translucent door.
 33119 | Orc:2    | Noticed Valrug's ghost (journeyman GrEE)
 33253 | Orc:2    | Found Vaoczuh's Book Boutique.
 33456 | Orc:2    | Killed Valrug's ghost
 33457 | Orc:2    | Reached skill level 1 in Armour
 33584 | Elf:1    | Entered Level 1 of the Elven Halls
 33715 | Elf:1    | Noticed velxir3's ghost (journeyman DsBe)
 33716 | Elf:1    | Noticed a deep elf blademaster
 33716 | Elf:1    | Noticed a deep elf blademaster
 33719 | Elf:1    | Found a transporter.
 33738 | Elf:1    | Found a transporter.
 33743 | Elf:1    | Noticed a deep elf blademaster
 33778 | Elf:1    | Noticed a deep elf blademaster
 33884 | Elf:1    | Bought a manual of Armour for 1040 gold pieces
 34177 | Elf:1    | Found a bloodstained altar of Trog.
 34346 | Elf:1    | Reached skill level 19 in Summonings
 34572 | Elf:1    | Got the Vellum of Generation
 34586 | Elf:1    | Learned a level 6 spell: Death Channel
 34764 | Elf:1    | Reached skill level 1 in Necromancy
 35663 | Elf:1    | Reached skill level 5 in Necromancy
 35892 | Elf:2    | Identified the +6 long sword of Foolhardiness {protect, Fly
                  | rCorr Int+4}
 35899 | Elf:2    | Reached XP level 17. HP: 111/162 MP: 3/32
 36460 | Elf:2    | Paralysed by an air elemental for 1 turns
 37516 | Elf:2    | Found a runed translucent gate.
 37517 | Elf:2    | Found a runed translucent gate.
 37517 | Elf:2    | Found a runed translucent gate.
 37526 | Elf:2    | Noticed a deep elf blademaster
 37536 | Elf:2    | Killed a deep elf blademaster
 37537 | Elf:2    | Reached skill level 10 in Necromancy
 38544 | Elf:3    | Entered Level 3 of the Elven Halls
 38754 | Elf:3    | Learned a level 5 spell: Summon Mana Viper
 39068 | Elf:3    | Found Zorph's Antique Weapon Shop.
 39470 | Elf:3    | Paralysed by an air elemental for 1 turns
 40191 | Elf:3    | Identified the amulet of Zeelan {Faith rElec Str+2}
 40344 | Elf:3    | Noticed an Executioner
 40733 | Elf:3    | Reached XP level 18. HP: 170/170 MP: 23/33
 40791 | Elf:3    | Reached skill level 5 in Armour
 40799 | Elf:3    | Noticed a deep elf master archer
 40808 | Elf:3    | Killed a deep elf master archer
 41041 | Elf:3    | Identified the +0 robe of Lethargy {Rampage rN+ Int-2}
 41257 | Elf:3    | Noticed a deep elf blademaster
 41271 | Elf:3    | Reached skill level 5 in Dodging
 41275 | Elf:3    | Killed a deep elf blademaster
 41298 | Elf:3    | Noticed a deep elf blademaster
 41348 | Elf:3    | Killed a deep elf blademaster
 41359 | Elf:3    | Noticed a deep elf master archer
 41701 | Elf:3    | Noticed a deep elf master archer
 41755 | Elf:3    | Shot with an arrow by a deep elf master archer

Illustrated notes

Levels and vault maps discovered:
D:1:      dpeg_arrival_leaves_temple_mockup, layout_basic
D:2:      layout_loops_ring, serial_shops, nicolae_shop_behind_doors,
          patterned_corridor
D:3:      layout_loops_corners, mainiacjoe_overflow_alcove_4,
          shapermc_ecumenical_altar_notcrosses
D:4:      layout_loops_corners, fedhas_ov_isle_minmay, enter_ossuary_2,
          uniq_crazy_yiuf_cottage
D:5:      layout_basic, serial_rivers, chequers_serial_rivers_room_b,
          chequers_serial_rivers_micro_a, chequers_serial_rivers_small_a,
          chequers_serial_rivers_large_b, chequers_serial_rivers_marsh,
          chequers_serial_rivers_room_b
D:6:      layout_rooms, minmay_temple_entry_offerings, serial_shops,
          nicolae_shop_hallway_plus, nicolae_nh_ransacked_shop
D:7:      layout_loops_ring, pf_just_have_faith, nicolae_wu_jian_glorious_leap,
          mainiacjoe_overflow_concentric_impassable,
          dilly_guarded_unrand_throatcut, uniq_maurice
D:8:      layout_cave_pods, grunt_temple_overflow_holy_war, enter_bailey_2,
          uniq_maggie, uniq_psyche
D:9:      layout_basic, grunt_dithmenos_smoke_and_mirrors,
          nicolae_hepliaklqana_hazy_memory, nicolae_stop_n_shop_1,
          statue_in_the_mist_lemuel, uniq_gastronok
D:10:     layout_long_grid, enter_trove_5, roadster_trireme
D:11:     layout_irregular_city, dpeg_oklobed_lair, serial_shops,
          nicolae_shop_window_shopping, trog_butcher_becter
D:12:     layout_cave_pools, serial_park, serial_park_tiny_2, serial_park_paths
          [serial_park_minivault_5x5_1], serial_park_avenue1
D:13:     layout_roguey
D:14:     layout_cave_pools, lightli_vaults_fourway_checkpoint, serial_bayou,
          serial_bayou_ford_a, serial_bayou_pond_a, serial_bayou_pond_b,
          serial_bayou_lagoon_a, serial_bayou_pond_b,
          hangedman_decor_diamond_cutter
D:15:     grunt_enter_depths_magical_seal, layout_basic,
          dreamdust_princess_bridge, minmay_door_square,
          minmay_misc_feat_square, hangedman_abyss_or_decor_slice
Temple:   nicolae_temple_god_jail
Lair:1:   layout_chaotic_city
Lair:2:   layout_cellular_growth, minmay_shoals_entry_hut
Lair:3:   layout_concentric_octagons, minmay_snake_entry_guardpost_small,
          portal_ice_cave_entry_pillars_1, kennysheep_snail_temple,
          grunt_megastairs_5
Lair:4:   layout_roguey [special_room_bee]
Lair:5:   due_jungle_book, layout_loops_ring, slime_entry_1,
          gauntlet_entry_generic, grunt_megastairs_3
Orc:1:    layout_caves, guppyfry_library_mini
Orc:2:    st_orc_ogre_mass, layout_caves, serial_shops,
          nicolae_shop_back_alley_shop, gammafunk_ghost_grave, led_sif_book
Elf:1:    layout_geoelf_grid, gammafunk_ghost_wrathful_warriors,
          minmay_elf_demonology, grunt_megastairs_4
Elf:2:    nicolae_elf_blades_crystal_corner, layout_geoelf_octagon
Elf:3:    nooodl_elf_gasket, layout_geoelf_castle, serial_shops,
          nicolae_shop_statue_plus

Skill      XL: |  1  2  3  4  5  6  7  8  9 10 11 12 13 14 15 16 17 18 |
---------------+-------------------------------------------------------+-----
Spellcasting   | 3 4 5 6 7 9 10 11 | 11.7
Staves         | 1 2 3 4 6 7 9 12 14 | 14.0
Summonings     | 5 6 7 8 11 13 14 16 18 19 | 19.4
Fire Magic     | 2 4 5 |  5.0
Fighting       | 1 8 11 12 13 | 13.4
Dodging        | 3 4 5 |  5.1
Armour         | 3 4 6 |  6.6
Necromancy     | 6 12 | 12.0
Stealth        | |  3.0

Action                     |  1- 3 |  4- 6 |  7- 9 | 10-12 | 13-15 | 16-18 || total
---------------------------+-------+-------+-------+-------+-------+-------++-------
  Melee: Unarmed           |    38 |       |       |       |       |       ||    38
         Whip              |    90 |    41 |       |       |       |       ||   131
         Lajatang          |       |    34 |   188 |   199 |   241 |   170 ||   832
         Constrict         |       |       |       |       |    55 |    51 ||   106
   Cast: Summon Small Mamm |    23 |     8 |     5 |    20 |     3 |       ||    59
         Call Imp          |    16 |    22 |    27 |    36 |     9 |     1 ||   111
         Call Canine Famil |     8 |    19 |    21 |    33 |    10 |     6 ||    97
         Summon Blazeheart |       |       |     6 |    28 |     4 |     4 ||    42
         Summon Hydra      |       |       |       |    63 |   207 |   148 ||   418
         Summon Lightning  |       |       |       |     4 |     6 |    24 ||    34
         Monstrous Menager |       |       |       |       |   106 |   140 ||   246
         Death Channel     |       |       |       |       |       |    25 ||    25
         Summon Mana Viper |       |       |       |       |       |     7 ||     7
 Invoke: Call Merchant     |       |       |       |     1 |     1 |     1 ||     3
         Potion Petition   |       |       |       |       |     1 |     2 ||     3
Ability: Spit Poison       |     2 |       |       |       |       |       ||     2
    Use: Scroll            |       |     4 |     6 |     6 |     7 |    14 ||    37
         Potion            |       |       |       |     7 |     5 |     1 ||    13
   Stab: Sleeping          |     3 |     4 |     1 |       |       |       ||     8
         Distracted        |       |       |       |     5 |     4 |     4 ||    13
 Armour: Robe              |   121 |    58 |   185 |   275 |   390 |   355 ||  1384
  Dodge: Dodged            |    68 |    45 |   104 |   155 |   160 |   110 ||   642
